 Dungeon Crawl Stone Soup version 0.30.0-29-ga12c61a403 (webtiles) character file.

Game seed: 16248358765613964754

116 qw the Chopper (level 5, -2/32 HPs)
             Began as a Gargoyle Fighter on June 6, 2023.
             Slain by a gnoll
             ... wielding a +0 halberd
              (5 damage)
             ... on level 2 of the Dungeon.
             The game lasted 00:01:06 (1614 turns).

qw the Chopper (Gargoyle Fighter)                   Turns: 1614, Time: 00:01:06

Health: -2/32      AC: 15    Str: 22    XL:     5   Next: 0%
Magic:  5/5        EV:  6    Int:  8    God:
Gold:   62         SH:  4    Dex:  9    Spells: 4/4 levels left

rFire   . . .        Y - +0 war axe
rCold   . . .        c - +0 buckler
rNeg    + . .        l - +0 plate armour
rPois   inf          (no helmet)
rElec   +            (no cloak)
rCorr   .            (no gloves)
SInv    .            (no boots)
Will    .....        (no amulet) Stlth
                     (no ring)
HPRegen 0.25/turn    (no ring)
MPRegen 0.09/turn

%: no passive effects
@: no status effects
A: sickness immunity, AC +4, negative energy resistance 1, electricity
resistance, torment resistance 1, petrification resistance
a: no special abilities


You were on level 2 of the Dungeon.
You visited 1 branch of the dungeon, and saw 2 of its levels.

You collected 62 gold pieces.


Innate Abilities, Weirdness & Mutations

You are immune to sickness and miasma.
Your stone body is resilient. (AC +4)
You are immune to poison.
You resist negative energy. (rN+)
You are resistant to electric shocks. (rElec)
You are resistant to unholy torment.
You are immune to petrification.


   Skills:
 - Level 3.2 Fighting
 + Level 4.5 Axes
 - Level 3.2 Armour
 - Level 3.2 Shields


You had 4 spell levels left.
You didn't know any spells.
Your spell library was empty.

Inventory:

Hand Weapons
 i - a +0 flail
 Y - a +0 war axe (weapon)
Armour
 c - a +0 buckler (worn)
 l - a +0 plate armour (worn)
Jewellery
 e - a ring of fire
Scrolls
 a - 3 scrolls of identify
Potions
 d - a potion of might
 o - 2 potions of flight {unknown}
 p - a potion of curing {unknown}

Dungeon Overview and Level Annotations

Branches:
Dungeon (2/15)

Altars:


Message History

The adder bites you but does no damage. The gnoll hits you but does no damage.
The gnoll hits you from afar with a +0 halberd.
The adder bites you but does no damage.
You barely miss the gnoll.
The gnoll is lightly wounded.
You barely miss the adder. The gnoll barely misses you.
The gnoll hits you from afar with a +0 halberd.
The adder bites you but does no damage.
You slash the gnoll!
You kill the gnoll!
You barely miss the adder. You block the adder's attack.
The gnoll barely misses you. The adder bites you.
The gnoll hits you from afar with a +0 halberd.
You have reached level 5!
You closely miss the adder. The adder bites you but does no damage.
The gnoll hits you from afar with a +0 halberd.
You slash the adder!
The adder is almost dead.
The adder bites you but does no damage.
The gnoll hits you from afar with a +0 halberd.
The adder bites you but does no damage.
You completely miss the adder.
The adder is almost dead.
The adder completely misses you. The gnoll hits you but does no damage.
The adder bites you. The gnoll barely misses you.
You hit the adder but do no damage.
The adder is almost dead.
The adder bites you but does no damage.
The gnoll hits you from afar with a +0 halberd.
You block the adder's attack.
You barely miss the adder.
The adder is almost dead.
The adder bites you. The gnoll hits you but does no damage.
You miss the adder.
The adder is almost dead.
The adder barely misses you.
The gnoll hits you from afar with a +0 halberd.
You die...

#...(.......lg
#............
#..........# #..........#
#..........# #..........#
#........g.# #......S)).#
###....>..@..# #.....
#............#######....#
#.................##....+
#...#######.......##....#
#...# #.......##....#
#...# #.......##....#
#...# #....<..##....###
#...# ##.......##....(..
#...# #.................


You could see a gnoll and an adder.

Vanquished Creatures
  Jessica (D:2)
  2 gnolls (D:2)
  2 adders (D:2)
  A dart slug (D:2)
  4 ball pythons
  5 bats
  7 endoplasms
  9 goblins
  4 hobgoblins
  3 jackals (D:1)
  2 quokkas
  4 frilled lizards
  4 kobolds
48 creatures vanquished.

Notes
Turn   | Place    | Note
-------+----------+-------------------------------------------
     0 | D:1      | qw the Gargoyle Fighter began the quest for the Orb.
     0 | D:1      | Reached XP level 1. HP: 14/14 MP: 1/1
     0 | D:1      | 0 ||| qw: Version: 0.2-a-108-gee2c290
     0 | D:1      | 0 ||| qw: Game counter: 1522
     0 | D:1      | 0 ||| qw: Always use a shield: true
     0 | D:1      | 0 ||| qw: God list: Okawaru
     0 | D:1      | 0 ||| qw: Allow faded altars: false
     0 | D:1      | 0 ||| qw: Do Orc after D:15 true
     0 | D:1      | 0 ||| qw: Do second Lair branch before Depths: true
     0 | D:1      | 0 ||| qw: Lair rune preference: random
     0 | D:1      | 0 ||| qw: Plans: Normal, Zot:1-4, Slime:5, God:TSO, Crypt,
                  | Tomb, Abyss, Pan, Hells, Win
     0 | D:1      | 0 ||| PLANNING D:1-11
     1 | D:1      | Noticed an electric eel
    25 | D:1      | 25 ||| Stepping ~*~*~tactically~*~*~ (stealth).
    41 | D:1      | Reached skill level 2 in Axes
    56 | D:1      | Found a faded altar of an unknown god.
    66 | D:1      | 66 ||| FLEEEEING.
    67 | D:1      | 67 ||| FLEEEEING.
    69 | D:1      | 69 ||| FLEEEEING.
   119 | D:1      | Reached XP level 2. HP: 19/19 MP: 2/2
   119 | D:1      | 119 ||| DROPPING +0 club.
   365 | D:1      | Reached skill level 3 in Axes
   383 | D:1      | Reached XP level 3. HP: 17/23 MP: 3/3
   494 | D:1      | 494 ||| Stepping ~*~*~tactically~*~*~ (stealth).
   536 | D:1      | 536 ||| Stepping ~*~*~tactically~*~*~ (stealth).
   760 | D:1      | 760 ||| Stepping ~*~*~tactically~*~*~ (stealth).
   859 | D:1      | 859 ||| UPGRADING to +0 plate armour.
   869 | D:1      | 869 ||| DROPPING +0 scale mail.
   870 | D:1      | 870 ||| READING scroll labelled LAPEX RAROUSO.
   875 | D:1      | 875 ||| READING scroll labelled AXIROUVVAUNG.
   876 | D:1      | 876 ||| READING 2 scrolls labelled IGEPRU MUPUGAN.
   877 | D:1      | 877 ||| READING scroll labelled LUFAASS FANKOU.
   878 | D:1      | 878 ||| READING scroll labelled KENAET IRHASYSATU.
   879 | D:1      | 879 ||| READING scroll labelled POTZUE VUHIO.
   880 | D:1      | 880 ||| READING scroll labelled NOZUWO CIJIRA.
   881 | D:1      | 881 ||| DRINKING 2 bubbling emerald potions.
   882 | D:1      | 882 ||| DROPPING scroll of noise.
   883 | D:1      | 883 ||| DROPPING potion of invisibility.
  1016 | D:2      | Noticed Jessica
  1026 | D:2      | Killed Jessica
  1027 | D:2      | Reached skill level 4 in Axes
  1027 | D:2      | Reached XP level 4. HP: 13/28 MP: 4/4
  1374 | D:2      | 1374 ||| Stepping ~*~*~tactically~*~*~ (hiding).
  1375 | D:2      | 1375 ||| Stepping ~*~*~tactically~*~*~ (stealth).
  1581 | D:2      | 1581 ||| Stepping ~*~*~tactically~*~*~ (stealth).
  1582 | D:2      | 1582 ||| Stepping ~*~*~tactically~*~*~ (stealth).
  1583 | D:2      | 1583 ||| Stepping ~*~*~tactically~*~*~ (stealth).
  1609 | D:2      | Reached XP level 5. HP: 15/32 MP: 5/5
  1610 | D:2      | HP: 7/32 [gnoll/+0 halberd (4)]
  1613 | D:2      | HP: 3/32 [adder (3)]
  1614 | D:2      | Slain by a gnoll

Levels and vault maps discovered:
D:1:      arrival_aquarium_a, layout_basic, shapermc_ecumenical_altar_venn
D:2:      layout_basic, uniq_jessica

Skill      XL: |  1  2  3 |
---------------+----------+-----
Axes           | 2 3 4 |  4.5
Fighting       | |  3.2
Armour         | |  3.2
Shields        | |  3.2

Action                     |  1- 3 |  4- 6 || total
---------------------------+-------+-------++-------
  Melee: War axe           |   133 |    55 ||   188
    Use: Scroll            |     7 |       ||     7
         Potion            |     1 |       ||     1
 Armour: Scale mail        |    71 |       ||    71
         Plate armour      |    11 |    44 ||    55
  Dodge: Dodged            |    56 |    23 ||    79
  Block: Buckler           |    26 |    11 ||    37

Table legend:
 A = Non-vault XP
 B = Vault XP
 C = Vault XP percentage of total XP
 D = Non-vault monster count
 E = Vault monster count
 F = Vault count percentage of total count
                 A         B        C        D         E       F
            +---------+---------+-------+---------+---------+-------
      Total |     129 |      37 |  22.3 |      47 |       1 |   2.1
            +---------+---------+-------+---------+---------+-------
        D:1 |      56 |       0 |   0.0 |      31 |       0 |   0.0
        D:2 |      73 |      37 |  33.6 |      16 |       1 |   5.9
            +---------+---------+-------+---------+---------+-------
